 Dungeon Crawl Stone Soup version 0.20.1-1-g8b1a95d (webtiles) character file.

184 Schiappus the Chopper (level 5, -1/42 HPs)
             Began as a Demonspawn Berserker on Sept 10, 2017.
             Was a Believer of Trog.
             Slain by an orc
             ... wielding a +0 short sword
              (6 damage)
             ... on level 3 of the Dungeon.
             The game lasted 00:08:13 (1887 turns).

Schiappus the Chopper (Demonspawn Berserker)        Turns: 1887, Time: 00:08:14

Health: -1/42      AC:  9    Str: 19    XL:     5   Next: 36%
Magic:  5/5        EV:  3    Int:  8    God:    Trog [**....]
Gold:   88         SH: 13    Dex: 12    Spells: 4/4 levels left

rFire    . . .     SeeInvis .   a - +1 hand axe
rCold    . . .     Gourm    .   j - +1 large shield
rNeg     . . .     Faith    .   o - +0 chain mail
rPois    .         Spirit   .   (helmet restricted)
rElec    .         Reflect  .   (no cloak)
rCorr    .         Harm     .   (no gloves)
MR       .....                  g - +0 pair of boots (curse)
Stlth    ..........             (no amulet)
Regen    0.2/turn               (no ring)
MPRegen  0.1/turn               (no ring)

@: no status effects
A: antennae 1, claws 1, hooves 1, rot immunity
a: Berserk, Trog's Hand, Burn Spellbooks, Renounce Religion


You were on level 3 of the Dungeon.
You worshipped Trog.
Trog was pleased with you.
You were not hungry.

You visited 1 branch of the dungeon, and saw 3 of its levels.

You collected 88 gold pieces.

Inventory:

Hand Weapons
 a - a +1 hand axe (weapon)
Armour
 b - a +0 animal skin
 g - a cursed +0 pair of boots (worn)
 j - a +1 large shield (worn)
 o - a +0 chain mail (worn)
Scrolls
 f - a scroll of teleportation
 k - a scroll of immolation
 l - a scroll of enchant weapon
 r - a scroll of recharging
 s - 2 scrolls of enchant armour
Potions
 c - 2 potions of heal wounds
 e - a potion of curing
 n - a potion of lignification
 p - a potion of mutation
Comestibles
 d - 2 royal jellies
 i - a bread ration
 q - a fruit


   Skills:
 + Level 3.8 Fighting
 + Level 4.0 Axes
 + Level 2.1 Armour
 + Level 2.1 Dodging
 + Level 0.4 Stealth
 + Level 2.0 Shields


You had 4 spell levels left.
You didn't know any spells.

Dungeon Overview and Level Annotations

Branches:
Dungeon (3/15)

Altars:


Innate Abilities, Weirdness & Mutations

You have a pair of small antennae on your head.
You have sharp fingernails.
You have large cloven feet.
You are immune to rotting.


Message History

Trog accepts your kill.
You feel your strength returning.
You feel your dexterity returning.
Your Axes skill increases to level 4!
Your Shields skill increases to level 2!
You have reached level 5!
Your demonic ancestry asserts itself...
A pair of antennae grows on your head!
The orc wizard gestures wildly while chanting.
The orc wizard blinks!
The orc priest hits you but does no damage.
The orc hits you with a short sword.
* * * LOW HITPOINT WARNING * * *
The crimson imp blinks!
You closely miss the orc. You block the orc priest's attack.
You block the orc's attack.
You closely miss the orc. You block the orc priest's attack.
You block the orc's attack. You block the orc priest's attack.
Your shield prevents you from hitting the orc.
The orc hits you with a short sword.
You die...

#.##.# #.#. #..... #.#.#
# ####.# #+ ##.#...##
#.# ... ....#..### #.#
.... ###.##.#.#.## #.#
..... ...........# #.#
..5..o###..#.#.#.#####.#
....ooo@..........†.....
......###..#>#.#.#######
..... ##........# #
....#.####.#.#.#.## #
... #............# # #+
#########.#### # #.# ###
#.# #.. #.# #.#


You could see an orc priest, an orc wizard, a crimson imp and 2 orcs.

Vanquished Creatures
  A bullfrog (D:3)
  5 adders
  A gnoll (D:1)
  An ooze (D:3)
  A worm (D:2)
  A dart slug (D:2)
  A leopard gecko (D:1)
  An orc (D:3)
  A ball python (D:1)
  6 bats
  7 giant cockroaches
  6 goblins (D:1)
  5 hobgoblins
  3 frilled lizards
  5 kobolds
  8 rats (D:1)
53 creatures vanquished.

Notes
Turn   | Place    | Note
-------+----------+-------------------------------------------
     0 | D:1      | Schiappus the Demonspawn Berserker began the quest for the Orb.
     0 | D:1      | Reached XP level 1. HP: 18/18 MP: 1/1
    85 | D:1      | Reached skill level 3 in Axes
    85 | D:1      | Gained mutation: You have sharp fingernails. [demonic ancestry]
    85 | D:1      | Reached XP level 2. HP: 17/24 MP: 2/2
   225 | D:1      | Gained mutation: You are immune to rotting. [demonic ancestry]
   225 | D:1      | Reached XP level 3. HP: 19/29 MP: 3/3
   285 | D:1      | Reached ** piety under Trog
  1288 | D:2      | Gained mutation: You have large cloven feet. [demonic ancestry]
  1288 | D:2      | Reached XP level 4. HP: 27/35 MP: 4/4
  1634 | D:2      | Reached skill level 1 in Shields
  1874 | D:3      | Noticed a bullfrog
  1884 | D:3      | Killed a bullfrog
  1884 | D:3      | Reached skill level 4 in Axes
  1884 | D:3      | Gained mutation: You have a pair of small antennae on your head. [demonic ancestry]
  1884 | D:3      | Reached XP level 5. HP: 6/42 MP: 5/5
  1887 | D:3      | Slain by an orc

Skill      XL: |  1  2  3  4 |
---------------+-------------+-----
Axes           | 3 4 |  4.0
Dodging        | 2 |  2.1
Shields        | 2 |  2.0
Armour         | 2 |  2.1
Fighting       | |  3.8
Stealth        | |  0.4

Action                   |  1- 3 |  4- 6 || total
-------------------------+-------+-------++-------
Melee: Hand axe          |    99 |    69 ||   168
       Kick              |       |     6 ||     6
  Use: Scroll            |     6 |     6 ||    12
       Potion            |     4 |       ||     4
  Eat: Bread ration      |     1 |       ||     1
Armor: Animal skin       |    24 |       ||    24
       Chain mail        |     6 |    34 ||    40
Dodge: Dodged            |    73 |     5 ||    78
Block: Large shield      |    40 |    56 ||    96
